 Dungeon Crawl Stone Soup version 0.29.0-4-gdea44cf6ec (webtiles) character file.

Game seed: 13210024014505075951

2 qw the Sneak (level 1, -4/14 HPs)
             Began as a Gargoyle Delver on Sept 10, 2022.
             Slain by an iguana (7 damage)
             ... on level 4 of the Dungeon.
             The game lasted 00:00:03 (146 turns).

qw the Sneak (Gargoyle Delver)                       Turns: 146, Time: 00:00:04

Health: -4/14      AC:  5    Str: 15    XL:     1   Next: 30%
Magic:  1/1        EV: 11    Int: 10    God:
Gold:   9          SH:  0    Dex: 11    Spells: 0/0 levels left

rFire   . . .      SeeInvis .   Y - +1 hand axe
rCold   . . .      Faith    .   (no shield)
rNeg    + . .      Spirit   .   b - +0 leather armour
rPois   inf        Reflect  .   (no helmet)
rElec   +          Harm     .   (no cloak)
rCorr   .          Rampage  .   (no gloves)
Will    .....                   (no boots)
Stlth   +++.......              (no amulet)
HPRegen 0.04/turn               (no ring)
MPRegen 0.07/turn               (no ring)

@: no status effects
A: sickness immunity, AC +2, negative energy resistance 1, electricity
resistance, torment resistance 1, petrification resistance
a: no special abilities


You were on level 4 of the Dungeon.
You visited 1 branch of the dungeon, and saw 2 of its levels.

You collected 9 gold pieces.


Innate Abilities, Weirdness & Mutations

You are immune to sickness and miasma.
Your stone body is resilient. (AC +2)
You are immune to poison.
You resist negative energy. (rN+)
You are resistant to electric shocks. (rElec)
You are resistant to unholy torment.
You are immune to petrification.


   Skills:
 - Level 3.2 Fighting
 + Level 2.0 Axes
 - Level 1.5 Dodging
 - Level 5.4 Stealth


You couldn't memorise any spells.
You didn't know any spells.
Your spell library was empty.

Inventory:

Hand Weapons
 a - a +0 whip
 Y - a +1 hand axe (weapon)
Armour
 b - a +0 leather armour (worn)
Wands
 g - a wand of digging (3)
Potions
 f - a potion of haste

Dungeon Overview and Level Annotations

Branches:
Dungeon (5/15)
 Temple: D:4-7

Altars:


Message History

There is a stone staircase leading up here.
You climb upwards.
There is a stone staircase leading down here.
A goblin is nearby!
Existing waypoints: (2) D:5 Assign waypoint to what number? (0-9, D - delete waypoint) Waypoint 1 assigned to D:4.
The goblin shouts!
A kobold comes into view. It is wielding a +0 whip.
The goblin hits you with a +0 dagger.
You barely miss the goblin. The goblin hits you with a +0 dagger.
The kobold shouts!
You hit the goblin.
You kill the goblin!
You closely miss the kobold. The kobold closely misses you.
You slash the kobold!
You kill the kobold!
Your Axes skill increases to level 2!
You start resting.
HP restored.
a - a +0 whip
Things that are here:
a +0 dagger; a kobold corpse An iguana comes into view.
135 ||| Stepping ~*~*~tactically~*~*~ (stealth).
Found a shiny gold wand.
You open the door.
There is an open door here.
As you open the door, it creaks loudly!
You hear an angry hiss.
Found a scroll of fear.
There is an open door here.
You barely miss the iguana. The iguana bites you!
Ouch! That really hurt!
The iguana bites you!
Ouch! That really hurt!
You die...

.....# .....# #. .....#
.. .?...# ..########+##
.....##
#..........#####.......
#..........#...#l......
#..........#...@.......
#..........#...#.......
#>.).......#'###.......
#######......../#+#####
+.........# #.........#
#.........+ #.........#
###########


You could see an iguana.

Vanquished Creatures
  A goblin (D:4)
  A kobold (D:4)
2 creatures vanquished.

Notes
Turn   | Place    | Note
-------+----------+-------------------------------------------
     0 | D:5      | qw the Gargoyle Delver began the quest for the Orb.
     0 | D:5      | Reached XP level 1. HP: 14/14 MP: 1/1
     0 | D:5      | 0 ||| qw: Version: 0.1-a-116-g5d60599
     0 | D:5      | 0 ||| qw: Game counter: 8918
     0 | D:5      | 0 ||| qw: Always use a shield: true
     0 | D:5      | 0 ||| qw: God list: Okawaru
     0 | D:5      | 0 ||| qw: Allow faded altars: false
     0 | D:5      | 0 ||| qw: Do Orc after D:15 true
     0 | D:5      | 0 ||| qw: Do second Lair branch before Depths: true
     0 | D:5      | 0 ||| qw: Lair rune preference: random
     0 | D:5      | 0 ||| qw: Plans: Normal
     0 | D:5      | 0 ||| PLANNING D:1-11
    27 | D:5      | 27 ||| READING scroll labelled QODWIM NARHI.
    28 | D:5      | 28 ||| DROPPING scroll of fog.
    29 | D:5      | 29 ||| DROPPING scroll of magic mapping.
    30 | D:5      | 30 ||| DROPPING scroll of fear.
   130 | D:4      | Noticed an iguana
   135 | D:4      | 135 ||| Stepping ~*~*~tactically~*~*~ (stealth).
   146 | D:4      | HP: 3/14 [iguana (11)]
   146 | D:4      | Slain by an iguana

Levels and vault maps discovered:
D:4:      layout_gridville, corner_web_ring, minmay_goblin_kobold_house,
          uniq_eustachio, uniq_pikel, uniq_edmund
D:5:      layout_basic, amcnicky_mini_pool_small,
          amcnicky_mini_corridor_feature, dk_vineyard_1

Skill      XL: |  1 |
---------------+----+-----
Axes           | 2 |  2.0
Fighting       | |  3.2
Dodging        | |  1.5
Stealth        | |  5.4

Action                   || total
-------------------------++-------
Melee: Hand axe          ||     5
  Use: Scroll            ||     1
Dodge: Dodged            ||     1

Table legend:
 A = Non-vault XP
 B = Vault XP
 C = Vault XP percentage of total XP
 D = Non-vault monster count
 E = Vault monster count
 F = Vault count percentage of total count
                 A         B        C        D         E       F
            +---------+---------+-------+---------+---------+-------
      Total |       3 |       0 |   0.0 |       2 |       0 |   0.0
            +---------+---------+-------+---------+---------+-------
        D:4 |       3 |       0 |   0.0 |       2 |       0 |   0.0
            +---------+---------+-------+---------+---------+-------
